 Dungeon Crawl Stone Soup version 0.17-a0-1650-gce8475a (webtiles) character file.

151 Gorice the Sneak (level 5, -1/39 HPs)
             Began as a Vampire Wanderer on Aug 13, 2015.
             Slain by a gnoll
             ... wielding a cursed -2 spear
              (3 damage)
             ... on level 4 of the Dungeon.
             The game lasted 00:10:07 (2191 turns).

Gorice the Sneak (Vampire Wanderer)                 Turns: 2191, Time: 00:10:08

Health: -1/39      AC:  2    Str: 12    XL:     5   Next: 10%
Magic:  8/8        EV: 11    Int: 16    God:
Gold:   33         SH:  0    Dex: 12    Spells: 0 memorised, 8 levels left

rFire  . . .     SeeInvis +     a - +2 dagger
rCold  . . .     Clarity  .     e - +0 robe
rNeg   + . .     SustAt   .     (no shield)
rPois  .         Gourm    .     (no helmet)
rElec  .         Spirit   .     (no cloak)
rCorr  .         Warding  .     (no gloves)
rMut   .         Stasis   .     (no boots)
MR     .....                    (no amulet)
Stlth  +++.......               (no ring)
                                (no ring)

@: not resistant to hostile enchantments, fairly stealthy
A: fangs 3, see invisible, unbreathing
a: Bat Form


You were on level 4 of the Dungeon.
You were not thirsty.

You visited 1 branch of the dungeon, and saw 3 of its levels.

You collected 33 gold pieces.

Inventory:

Hand weapons
 a - a +2 dagger (weapon)
 c - a +0 hand axe
 d - a +0 spear
 n - a +0 spear
Missiles
 b - 19 poisoned sling bullets
 g - 14 arrows of frost
 j - 42 bolts
 k - 4 tomahawks (quivered)
 o - 12 sling bullets
 Z - 29 stones
Armour
 e - a +0 robe (worn)
 h - a cursed +0 chain mail
Potions
 f - 18 potions of blood
 i - a potion of agility {unknown}
 l - a potion of curing {unknown}
 m - a potion of mutation {unknown}


   Skills:
 - Level 2.6 Fighting
 * Level 4.2 Short Blades
 + Level 4.6 Stealth
 - Level 2.0 Spellcasting
   Level 4.4 Hexes
   Level 1.0 Evocations


You had 8 spell levels left.
You didn't know any spells.

Dungeon Overview and Level Annotations

Branches:
Dungeon (4/15)
 Temple: D:4-7

Altars:
Cheibriados

Annotations:
D:2 exclusion: 3 gnolls


Innate Abilities, Weirdness & Mutations

You have razor-sharp teeth.
You have supernaturally acute eyesight.
You can survive without breathing.


Message History

The jackal completely misses you. The jackal bites you. x2
The jackal closely misses you.
Damage: 5 (max 5)
You hit the jackal but do no damage. You bite the jackal, but do no damage.
The jackal bites you.
The jackal bites you but does no damage.
Damage: 2 (max 5)
You hit the jackal.
The jackal is lightly wounded.
The jackal bites you but does no damage. x2
You hit the jackal but do no damage.
The jackal is lightly wounded.
The jackal barely misses you. The jackal bites you.
Damage: 3 (max 5)
You barely miss the jackal. Your bite misses the jackal.
The jackal is lightly wounded.
The jackal barely misses you.
The jackal bites you but does no damage.
A jackal comes into view.
You hit the jackal.
The jackal is moderately wounded.
The jackal bites you but does no damage. x2
You closely miss the jackal. You bite the jackal, but do no damage.
The jackal is moderately wounded.
The jackal closely misses you. The jackal bites you. The orc barely misses you.
The gnoll hits you but does no damage. The jackal barely misses you.
Damage: 1 (max 5)
You closely miss the jackal.
The jackal is moderately wounded.
The jackal barely misses you. The jackal bites you. The orc misses you.
Damage: 3 (max 5)
You hit the jackal.
You kill the jackal!
The gnoll barely misses you. The jackal bites you.
Damage: 2 (max 5)
You hit the jackal.
The jackal is severely wounded.
The gnoll closely misses you. The orc hits you with a morningstar!
* * * LOW HITPOINT WARNING * * *
The jackal bites you.
* * * LOW HITPOINT WARNING * * *
The jackal closely misses you.
You hit the jackal.
The jackal is almost dead.
The jackal bites you.
* * * LOW HITPOINT WARNING * * *
The jackal barely misses you.
The gnoll hits you from afar with an enchanted spear.
You die...

♣P.......##
♣P♣.......## .
♣♣♣........# .P
♣♣.......#
..P♣♣♣.......#
P............#
♣♣♣PP..†...g.##
♣♣........oh#
♣.#.....##@#
P..########h#
♣♣.. #.. ..
##.. ♣. ##. ##


You could see a gnoll, an orc and 2 jackals.

Vanquished Creatures
  A scorpion (D:4)
  A centaur skeleton (D:4)
  An adder (D:1)
  A river rat (D:4)
  7 giant geckos (D:1)
  5 bats (D:1)
  3 giant cockroaches (D:1)
  9 goblins (D:1)
  2 hobgoblins (D:1)
  2 kobolds (D:1)
  2 giant newts (D:1)
  5 jackals
  17 rats
56 creatures vanquished.

Notes
Turn   | Place    | Note
--------------------------------------------------------------
     0 | D:1      | Gorice the Vampire Wanderer began the quest for the Orb.
     0 | D:1      | Gorice set off with: a +2 dagger, a potion of heal wounds {!q}, a +0 hand axe, a +0 spear, a +0 robe, a potion of blood
     0 | D:1      | Reached XP level 1. HP: 17/17 MP: 3/3
    18 | D:1      | Reached skill level 2 in Stealth
    29 | D:1      | HP: 3/17 [giant gecko (3)]
   125 | D:1      | Reached skill level 1 in Short Blades
   359 | D:1      | Reached XP level 2. HP: 12/23 MP: 5/5
   561 | D:1      | HP: 5/23 [giant gecko (3)]
   912 | D:1      | Reached skill level 2 in Short Blades
  1025 | D:1      | Reached skill level 3 in Stealth
  1347 | D:1      | Found a snail-covered altar of Cheibriados.
  1363 | D:1      | Reached XP level 3. HP: 28/28 MP: 6/6
  1416 | D:1      | HP: 7/28 [poisoned by an adder]
  1953 | D:1      | Reached skill level 3 in Short Blades
  2065 | D:2      | Reached XP level 4. HP: 25/34 MP: 7/7
  2127 | D:2      | You fall through a shaft for 2 floors!
  2130 | D:4      | Reached skill level 4 in Stealth
  2136 | D:4      | Reached skill level 4 in Short Blades
  2136 | D:4      | Reached XP level 5. HP: 32/39 MP: 8/8
  2190 | D:4      | HP: 6/39 [orc/morningstar (11)]
  2191 | D:4      | HP: 2/39 [jackal (2)]
  2191 | D:4      | Slain by a gnoll

Vault maps used:
D:1:      erik_arrival_orb_chamber, cheibriados_altar_1
D:2:      uniq_terence
D:4:      wad_woods_stonehenge

Action                   |  1- 3 |  4- 6 || total
-------------------------+-------+-------++-------
Melee: Dagger            |   127 |    21 ||   148
Throw: Tomahawk          |    57 |     8 ||    65
       Stone             |     6 |       ||     6
  Use: Potion            |     4 |       ||     4
       Scroll            |     2 |       ||     2
 Stab: Sleeping          |     6 |     1 ||     7

Table legend:
 A = Turns spent in this place as a percentage of turns spent in the entire game.
 B = Non-inter-level travel turns spent in this place as a percentage of non-inter-level travel turns spent in the entire game.
 C = Inter-level travel turns spent in this place as a percentage of turns spent in this place.
 D = Turns resting spent in this place as a percentage of non-inter-level travel turns spent in this place.
 E = Turns spent auto-exploring this place as a percentage of non-inter-level travel turns spent in this place.
 F = Non-inter-level travel turns spent in this place divided by the number of levels of this place that you've seen.
                   A       B       C       D       E      F
               +-------+-------+-------+-------+-------+----------------------
         Total | 100.0 | 100.0 |   0.0 |   3.3 |   2.8 | 262.3
       Dungeon | 100.0 | 100.0 |   0.0 |   3.3 |   2.8 | 262.3
               +-------+-------+-------+-------+-------+----------------------

Vault maps used:
D:1:      erik_arrival_orb_chamber, cheibriados_altar_1
D:2:      uniq_terence
D:4:      wad_woods_stonehenge
